Map: [ESL] Crimson Court

Players

Reynor

  • Race: Zerg Zerg
  • Spawn Location: 1:00

HeroMarine - Winner!

  • Race: Terran Terran
  • Spawn Location: 7:00

Event: ESL SC2 Masters 2024 Spring (Regional)

VOD

Have the link to the VOD?

Description

Time

  • Played on: April 28, 2024, 9:53 a.m.
  • Length: 19:39

All games in this series

Show
View Real Time Build Order
Export as new Build Order

Reynor Zerg 

Build Orders: Hatch First 

Get SALT Encoding   

  12  0:00  Drone  
  13  0:09  Drone  
  14  0:14  Extractor  
  14  0:15  Drone  
  15  0:37  Hatchery  
  15  0:41  Extractor  
  14  0:42  Drone  
  14  0:48  Overlord  
  15  1:03  Spawning Pool  
  14  1:07  Drone  
  14  1:10  Drone  
  16  1:14  Drone  
  16  1:18  Drone  
  18  1:29  Drone  
  19  1:41  Drone  
  20  1:50  Queen x2  
  20  1:53  Zergling x2, Drone  
  26  2:01  Overlord  
  26  2:02  Drone  
  27  2:11  Drone  
  28  2:19  Hatchery  
  28  2:21  Drone  
  28  2:24  Drone  
  28  2:27  Drone  
  30  2:32  Queen  
  33  2:37  Drone  
  33  2:40  Overlord  
  33  2:42  Drone  
  34  2:44  Drone  
  35  2:53  Drone  
  35  2:57  Overlord, Queen  
  38  3:01  Drone x2  
  38  3:03  Drone  
  38  3:05  Drone  
  42  3:06  Extractor  
  42  3:09  Drone  
  42  3:15  Queen  
  42  3:17  Drone x2  
  46  3:26  Overlord  
  46  3:28  Drone  
  46  3:31  Queen  
  46  3:33  Drone  
  50  3:37  Drone  
  50  3:39  Queen  
  50  3:40  Drone x2  
  55  3:43  Drone x2  
  55  3:45  Drone  
  58  3:48  Overlord  
  58  3:50  Drone  
  58  3:54  Queen  
  61  3:57  Drone  
  61  4:00  Drone  
  63  4:03  Overlord, Drone  
  64  4:10  Metabolic Boost, Drone  
  64  4:11  Drone x3  
  64  4:14  Queen  
  70  4:17  Zergling x4  
  70  4:20  Drone  
  70  4:23  Extractor  
  72  4:24  Drone  
  72  4:25  Overlord, Drone x2  
  72  4:27  Zergling x2  
  76  4:37  Zergling x2  
  76  4:38  Zergling x4  
  79  4:42  Drone x2  
  79  4:43  Overlord, Hatchery  
  79  4:45  Evolution Chamber, Drone  
  81  4:46  Drone  
  81  4:48  Drone  
  82  4:53  Drone  
  82  4:54  Drone x2  
  82  4:56  Zergling x2  
  82  4:59  Evolution Chamber  
  85  5:00  Overlord  
  85  5:02  Drone  
  85  5:06  Zergling x6  
  89  5:09  Overlord  
  89  5:14  Zergling x10, Zerg Melee Weapons Level 1  
  89  5:20  Drone x2  
  96  5:21  Drone  
  96  5:22  Overlord  
  96  5:23  Drone x2  
  99  5:29  Extractor  
  99  5:30  Drone  
  99  5:31  Spore Crawler  
  99  5:32  Extractor  
  99  5:35  Drone x2  
  99  5:37  Zergling x6, Spore Crawler  
  101  5:45  Zerg Ground Armor Level 1  
  101  5:46  Lair  
  101  5:47  Overlord  
  101  5:48  Baneling Nest, Drone x3  
  101  5:49  Drone  
  104  5:50  Drone  
  104  5:53  Overlord  
  104  5:58  Overlord  
  104  6:03  Zergling x8  
  104  6:04  Queen  
  108  6:08  Drone  
  103  6:12  Spore Crawler  
  103  6:13  Drone x4  
  103  6:16  Zergling x10  
  111  6:20  Zergling x4  
  111  6:25  Drone x2, Hatchery  
  115  6:26  Hatchery  
  115  6:28  Zergling x2  
  115  6:31  Zergling x2, Burrow  
  115  6:34  Zergling x6  
  115  6:36  Zergling x2  
  115  6:38  Overlord  
  119  6:40  Zergling x4  
  119  6:44  Centrifugal Hooks  
  119  6:45  Zergling x10  
  119  6:46  Zergling x2  
  126  6:51  Zergling x6  
  129  6:56  Overlord  
  129  6:57  Zergling x6  
  132  7:02  Zergling x4  
  132  7:05  Zergling x2  
  132  7:07  Baneling x19  
  135  7:10  Zergling x4  
  135  7:11  Overlord  
  135  7:13  Zergling x6  
  140  7:17  Zerg Melee Weapons Level 2  
  140  7:18  Zergling x2  
  140  7:19  Zergling x2  
  142  7:25  Drone x2  
  142  7:27  Baneling x5  
  144  7:30  Zergling x4  
  144  7:31  Overlord  
  144  7:33  Zergling x2  
  144  7:35  Zergling x2, Drone x3  
  144  7:36  Zergling x4  
  153  7:39  Drone  
  153  7:40  Drone  
  154  7:44  Overlord  
  154  7:47  Zergling x8  
  135  7:51  Zergling x6  
  135  7:52  Baneling x2  
  135  7:54  Zergling x4  
  135  7:56  Zergling x4  
  124  8:02  Zergling x2  
  124  8:04  Zergling x10  
  124  8:05  Zergling x2  
  125  8:09  Baneling x12  
  125  8:10  Zergling x12  
  129  8:16  Zergling x8  
  129  8:17  Zergling x2  
  124  8:20  Zergling x8  
  124  8:23  Zergling x2, Infestation Pit  
  124  8:25  Zergling x2  
  129  8:30  Zergling x6  
  129  8:32  Zergling x2  
  129  8:33  Zergling x8  
  137  8:36  Drone  
  137  8:37  Drone  
  137  8:38  Overlord, Hatchery  
  140  8:41  Zergling x8  
  140  8:44  Overlord  
  144  8:49  Drone x3  
  144  8:52  Drone x2  
  144  8:53  Drone x3  
  144  8:54  Spore Crawler, Drone x3  
  154  8:55  Zerg Ground Armor Level 2  
  154  8:56  Zergling x4  
  154  8:58  Baneling x7  
  154  8:59  Zergling x2  
  156  9:03  Zergling x6  
  156  9:05  Drone x3  
  160  9:11  Zergling x2  
  160  9:12  Zergling x12  
  160  9:14  Hatchery  
  165  9:23  Zergling x14  
  167  9:27  Overseer  
  167  9:28  Hive  
  167  9:29  Drone  
  167  9:30  Hydralisk Den, Drone x2, Extractor  
  168  9:34  Overlord  
  168  9:35  Baneling x7  
  168  9:41  Zergling x10  
  168  9:43  Baneling x9  
  168  9:44  Baneling  
  173  9:48  Overlord  
  173  9:49  Baneling x2  
  173  9:51  Zergling x16  
  173  9:52  Zergling x2  
  181  9:57  Zergling x4  
  168  10:02  Zergling x8  
  168  10:06  Zergling x10  
  160  10:13  Drone x3  
  163  10:18  Zergling x2  
  163  10:19  Zergling x8  
  168  10:21  Baneling  
  168  10:27  Zergling x8  
  170  10:30  Muscular Augments  
  170  10:36  Drone x3  
  170  10:37  Drone x3  
  170  10:39  Hydralisk x5  
  170  10:42  Baneling x9  
  186  10:45  Queen  
  186  10:48  Zergling x4  
  186  10:49  Zergling x14  
  196  10:52  Hydralisk  
  196  10:53  Zergling x2  
  196  10:55  Baneling x2  
  196  10:57  Hydralisk, Zergling x6  
  190  10:58  Hydralisk  
  190  11:03  Hydralisk x2, Zergling x4  
  192  11:07  Hydralisk, Zergling x2  
  192  11:08  Zergling x4  
  190  11:11  Hydralisk  
  190  11:12  Zergling x8  
  187  11:19  Hydralisk x2, Zergling x4  
  187  11:20  Hydralisk  
  187  11:21  Zergling x6  
  187  11:25  Hydralisk  
  184  11:26  Zergling x2  
  184  11:27  Zergling x4  
  184  11:29  Zergling x2  
  184  11:32  Hydralisk  
  173  11:33  Zergling x10  
  173  11:37  Hydralisk  
  173  11:38  Zergling x8  
  173  11:39  Queen  
  178  11:40  Hydralisk  
  178  11:41  Zergling x4  
  178  11:43  Zergling x4, Unknown  
  179  11:48  Hydralisk  
  179  11:49  Zergling x4  
  177  11:54  Hydralisk x2, Zergling x2  
  177  11:59  Zergling x4  
  177  12:00  Zergling x2  
  171  12:03  Hatchery  
  171  12:06  Hydralisk x4  
  171  12:08  Zergling x4  
  164  12:09  Hydralisk  
  164  12:10  Zergling x2  
  164  12:12  Zergling x2  
  164  12:14  Queen  
  165  12:15  Hydralisk  
  165  12:16  Hydralisk  
  170  12:22  Zergling x2  
  170  12:23  Zergling x6  
  170  12:26  Hydralisk x2, Zergling x4  
  170  12:27  Zergling x2  
  178  12:31  Zergling x4  
  178  12:33  Baneling x4  
  180  12:37  Hydralisk  
  180  12:38  Zergling x6  
  180  12:39  Baneling  
  180  12:40  Hydralisk, Baneling  
  180  12:41  Zergling x2  
  151  12:44  Zergling x4  
  151  12:50  Zergling x16  
  159  12:51  Baneling  
  159  12:52  Baneling x5  
  159  12:53  Zergling x6  
  159  12:55  Zergling x6  
  159  12:57  Zergling x2  
  164  13:01  Drone  
  165  13:09  Overseer  
  165  13:11  Baneling x8  
  165  13:13  Zergling x10  
  165  13:15  Zergling x8  
  165  13:17  Hatchery, Queen  
  165  13:19  Grooved Spines  
  175  13:20  Zergling x4  
  175  13:23  Zergling x4  
  175  13:25  Zergling x6  
  175  13:26  Zergling x2, Baneling x2  
  183  13:29  Zergling x4  
  185  13:37  Hatchery  
  184  13:47  Zerg Melee Weapons Level 3, Zerg Ground Armor Level 3  
  183  13:50  Zergling x34  
  187  14:09  Zergling x34  
  197  14:12  Hydralisk x2  
  189  14:17  Queen  
  189  14:18  Hydralisk  
  189  14:22  Hydralisk, Zergling x6  
  189  14:23  Zergling x2  
  169  14:24  Hydralisk  
  169  14:25  Zergling x4  
  169  14:28  Hydralisk, Baneling x2  
  169  14:29  Zergling x2  
  152  14:35  Hydralisk x2  
  152  14:38  Hydralisk  
  134  14:39  Zergling x2  
  134  14:43  Hydralisk  
  134  14:44  Zergling x2  
  127  14:49  Hydralisk x2  
  127  14:50  Zergling x4  
  124  14:55  Zergling x10  
  124  14:58  Zergling x6  
  124  14:59  Zergling x2  
  124  15:03  Hydralisk x2  
  123  15:07  Hydralisk, Baneling x2  
  123  15:08  Hydralisk, Zergling x2  
  128  15:15  Baneling x14  
  128  15:16  Zergling x2  
  128  15:19  Zergling x6  
  132  15:24  Adrenal Glands  
  132  15:27  Zergling x10, Unknown  
  136  15:29  Zergling x4  
  136  15:30  Zergling x2  
  136  15:34  Infestor  
  141  15:36  Zergling x10  
  141  15:42  Hydralisk  
  147  15:43  Zergling x12  
  147  15:44  Zergling x2  
  154  15:54  Hydralisk x2  
  154  15:55  Baneling x2  
  158  16:03  Infestor  
  157  16:07  Hydralisk, Zergling x2, Hatchery  
  157  16:08  Zergling x24  
  171  16:16  Hydralisk x2  
  171  16:17  Zergling x8  
  169  16:24  Hydralisk  
  169  16:25  Zergling x18, Zerg Missile Weapons Level 1  
  172  16:33  Hydralisk x5  
  172  16:34  Zergling x6  
  184  16:43  Hydralisk, Zergling x14  
  184  16:44  Zergling x2  
  174  16:50  Infestor x2  
  174  16:53  Hydralisk, Zergling x4  
  174  16:54  Zergling x2  
  178  16:55  Hydralisk  
  178  16:56  Zergling x2  
  178  17:00  Overseer  
  178  17:02  Zergling x12  
  178  17:07  Zergling x2  
  183  17:12  Queen  
  183  17:14  Zergling x14  
  184  17:36  Hydralisk x4, Drone x2  
  190  17:39  Hatchery  
  190  17:46  Infestor x2  
  190  17:47  Hydralisk  
  190  17:48  Zergling x14  
  156  17:52  Hydralisk x2  
  156  17:57  Hydralisk  
  156  17:58  Hydralisk, Zergling x2  
  146  18:04  Zergling x10  
  146  18:05  Zergling x2  
  152  18:07  Baneling x2  
  152  18:13  Viper  
  152  18:14  Zergling x2  
  152  18:15  Zergling x12  
  128  18:42  Zergling x16  
  128  18:43  Zergling x30  
  148  18:56  Hydralisk x3, Infestor  
  148  19:02  Baneling x6, Hatchery  
  153  19:06  Hydralisk  
  157  19:12  Zergling x10  
Show
View Real Time Build Order
Export as new Build Order

HeroMarine Terran - Winner!

Build Orders: Reaper Expand 

Get SALT Encoding   

  12  0:00  SCV  
  13  0:12  SCV  
  14  0:16  Supply Depot  
  14  0:24  SCV  
  15  0:38  SCV  
  15  0:39  Barracks  
  16  0:42  Refinery  
  16  0:50  SCV  
  17  1:02  SCV  
  18  1:14  SCV  
  19  1:26  Orbital Command, Reaper  
  20  1:38  Command Center  
  20  1:47  Supply Depot  
  20  1:52  SCV  
  21  1:58  Marine  
  22  2:04  SCV  
  23  2:11  Factory  
  23  2:16  SCV  
  23  2:19  Barracks Reactor  
  24  2:28  SCV  
  25  2:34  Command Center  
  25  2:40  SCV  
  26  2:50  Orbital Command  
  26  2:52  SCV  
  27  3:02  Barracks Tech Lab, Barracks  
  27  3:04  SCV  
  27  3:05  Hellion  
  30  3:09  Hellion  
  32  3:16  SCV x2  
  34  3:22  Stimpack, Marine  
  35  3:28  SCV  
  35  3:29  SCV  
  35  3:31  Refinery  
  37  3:40  SCV, Marine  
  37  3:41  SCV  
  40  3:47  Orbital Command  
  40  3:50  Starport  
  40  3:52  SCV  
  40  3:53  SCV  
  42  3:58  Refinery, Marine  
  42  4:00  Factory Reactor, Marine x2  
  45  4:04  SCV  
  45  4:05  SCV  
  47  4:14  SCV  
  47  4:16  Marine  
  47  4:17  SCV x2, Marine  
  50  4:18  Marine  
  50  4:20  Supply Depot  
  53  4:26  SCV  
  53  4:29  SCV x2  
  53  4:30  Supply Depot  
  56  4:33  Marine  
  56  4:35  Marine x2  
  60  4:38  SCV  
  60  4:41  SCV  
  60  4:42  SCV  
  60  4:44  Medivac, Supply Depot  
  60  4:45  Medivac  
  66  4:48  Factory Tech Lab, Refinery  
  66  4:50  SCV  
  66  4:51  Marine  
  68  4:53  SCV, Marine x2  
  68  4:54  SCV  
  68  4:56  Engineering Bay  
  68  4:57  Engineering Bay  
  68  4:58  Orbital Command  
  72  5:05  SCV  
  72  5:06  SCV  
  74  5:07  Siege Tank  
  74  5:08  Supply Depot  
  74  5:13  Marine x3  
  80  5:17  SCV, Barracks  
  80  5:18  SCV  
  80  5:21  Starport Reactor  
  82  5:23  Terran Infantry Weapons Level 1  
  82  5:27  Terran Infantry Armor Level 1  
  82  5:29  SCV x2  
  82  5:30  SCV  
  82  5:31  Combat Shield  
  82  5:34  Supply Depot  
  85  5:40  Supply Depot  
  85  5:41  SCV x2  
  85  5:42  SCV  
  88  5:43  Marine x3  
  91  5:53  SCV  
  91  5:54  SCV  
  91  5:55  SCV, Siege Tank, Supply Depot  
  97  5:58  Barracks  
  97  5:59  Barracks  
  97  6:04  Marine x4  
  93  6:05  SCV  
  93  6:06  SCV  
  93  6:07  SCV  
  93  6:09  Medivac x2  
  93  6:10  Marine  
  103  6:13  Supply Depot  
  103  6:18  SCV x2, Supply Depot  
  105  6:20  SCV  
  105  6:22  Marine x2  
  105  6:24  Supply Depot  
  108  6:26  Refinery  
  108  6:27  Armory, Refinery  
  108  6:29  Marine x2  
  108  6:30  SCV x2, Marine  
  113  6:34  Siege Tank  
  113  6:38  Supply Depot  
  113  6:39  Marine  
  118  6:50  Barracks Reactor x2, Marine  
  118  6:51  Marine x3  
  118  6:52  Medivac x2  
  125  6:57  Supply Depot, Marine  
  129  7:01  Supply Depot  
  129  7:04  Factory  
  126  7:08  Marine x2  
  126  7:09  Marine  
  126  7:10  Command Center  
  126  7:11  SCV x3  
  126  7:14  Marine  
  126  7:15  Marine  
  134  7:17  Terran Infantry Weapons Level 2  
  134  7:21  Terran Infantry Armor Level 2  
  134  7:26  Supply Depot, Marine x3  
  134  7:27  Marine x3  
  140  7:30  Marine  
  140  7:31  Marine  
  140  7:33  Marine  
  143  7:44  Marine x2  
  143  7:45  Sensor Tower  
  143  7:49  Cyclone, Siege Tank  
  133  7:52  Marine  
  133  7:53  Marine x4  
  133  7:54  Marine  
  133  7:55  Marine  
  133  7:57  Medivac x2  
  126  8:01  Marine  
  126  8:02  Marine  
  123  8:10  Marine x2  
  123  8:11  Terran Vehicle Weapons Level 1, Marine x3  
  123  8:12  Marine x2  
  129  8:19  Marine x2  
  115  8:21  Widow Mine, Drilling Claws, Factory Reactor  
  119  8:27  SCV  
  119  8:28  SCV, Marine x2  
  119  8:29  SCV, Marine x3  
  119  8:30  Barracks, Marine x2  
  119  8:33  Barracks  
  129  8:35  Barracks  
  129  8:37  Marine x2  
  129  8:39  SCV  
  129  8:40  SCV, Planetary Fortress  
  133  8:41  SCV  
  133  8:45  Widow Mine, Medivac x2  
  133  8:46  Marine x2  
  133  8:48  Marine x3  
  144  8:51  Marine x2  
  147  8:59  Sensor Tower  
  147  9:00  Marine x2  
  147  9:01  Widow Mine x2  
  153  9:04  Marine x2  
  153  9:05  Marine  
  153  9:11  Widow Mine  
  153  9:14  Marauder  
  153  9:15  Medivac x2, Ghost Academy  
  151  9:17  Marine x2  
  151  9:23  Widow Mine x2  
  146  9:24  Barracks Tech Lab x2  
  146  9:25  Barracks Tech Lab  
  146  9:27  Marine x2  
  146  9:28  Unknown, Marine x4  
  152  9:35  Widow Mine, Marine, Marauder  
  152  9:37  Concussive Shells  
  157  9:41  Terran Infantry Weapons Level 3  
  157  9:44  Widow Mine, Liberator  
  157  9:45  Liberator  
  165  9:47  Terran Infantry Armor Level 3  
  165  9:56  Marauder  
  152  10:01  Marauder  
  152  10:02  Marine x2  
  141  10:07  Marauder  
  141  10:08  Marine x3, Marauder  
  141  10:11  Marine x2  
  141  10:13  Widow Mine x3  
  154  10:16  Marine  
  154  10:18  Marauder  
  154  10:20  Marine  
  158  10:21  Terran Vehicle And Ship Armor Level 1  
  158  10:22  Marauder  
  158  10:28  Marine x4  
  157  10:29  Liberator x2, Marauder x2  
  157  10:34  Siege Tank  
  173  10:39  Command Center, Marauder  
  175  10:43  Marauder  
  175  10:44  Marine  
  175  10:45  Marine x2  
  175  10:46  Widow Mine x2  
  175  10:48  Supply Depot x2  
  184  10:50  Ghost, Marauder  
  184  10:51  Marine  
  184  10:53  Marine x2  
  184  10:55  Marine x2  
  184  10:56  SCV x2  
  182  10:59  SCV x2  
  182  11:00  Marine  
  178  11:07  Marine x3  
  178  11:08  SCV  
  178  11:09  Marauder  
  178  11:10  Marine  
  168  11:11  SCV x2, Marine  
  168  11:12  SCV, Marauder  
  173  11:20  SCV, Liberator x2  
  173  11:22  Marauder  
  173  11:23  SCV x2  
  173  11:24  SCV  
  167  11:31  Marine x2  
  167  11:32  SCV, Marine x2  
  163  11:34  Marine x3  
  163  11:35  SCV x2  
  163  11:36  SCV  
  163  11:38  Marine x2  
  170  11:44  Marine x2  
  170  11:45  SCV  
  163  11:47  SCV  
  163  11:50  Marine x2, Marauder  
  163  11:51  SCV x2  
  161  11:57  SCV, Marauder, Marine x6  
  161  11:59  SCV  
  164  12:02  Marine x2  
  164  12:03  SCV  
  164  12:04  Medivac x2  
  165  12:08  Marine x2  
  165  12:11  Widow Mine  
  165  12:12  Widow Mine  
  165  12:14  Marine  
  165  12:15  Marine x3  
  173  12:23  Marauder, Marine x2  
  173  12:25  Ghost x3  
  173  12:29  Marine x2  
  181  12:34  Terran Vehicle And Ship Armor Level 2  
  181  12:35  Medivac  
  181  12:36  Medivac  
  185  12:43  Marine x4  
  185  12:44  Marine  
  177  12:45  Marauder  
  177  12:49  SCV x2  
  177  12:51  SCV  
  182  12:53  SCV  
  182  12:54  Ghost  
  182  12:57  Siege Tank  
  188  13:01  SCV  
  188  13:02  Planetary Fortress  
  189  13:05  Medivac  
  189  13:06  Medivac  
  189  13:08  Refinery, Ghost  
  189  13:11  Marauder x2  
  199  13:22  Sensor Tower  
  199  13:27  Supply Depot  
  199  13:28  Supply Depot  
  199  13:29  Command Center  
  199  13:37  Starport  
  199  13:40  Fusion Core  
  197  14:02  Marine, Marauder  
  197  14:03  Marine, Marauder  
  197  14:05  Marine  
  190  14:12  SCV x2  
  190  14:14  Medivac x2  
  190  14:15  Widow Mine x2, Siege Tank  
  193  14:17  SCV x2  
  193  14:18  Marauder x2  
  193  14:24  Marauder  
  187  14:25  Marauder, Marine x2  
  172  14:33  Marine x2  
  160  14:39  Marauder  
  160  14:40  Marauder  
  160  14:42  Marine x4  
  160  14:43  Widow Mine, Marine x2  
  160  14:44  Widow Mine, Liberator x2  
  160  14:45  Marauder  
  180  14:46  Starport Reactor, Advanced Ballistics  
  180  14:47  Marauder  
  180  14:50  Marine  
  180  14:51  Marine  
  177  14:54  Orbital Command  
  177  14:59  Marine  
  171  15:00  Marine x5  
  171  15:01  Marine x2  
  171  15:03  Siege Tank  
  171  15:05  Widow Mine x2  
  171  15:06  Refinery, Marine  
  185  15:07  Refinery  
  185  15:08  Marine x3  
  188  15:17  Marine x2  
  188  15:18  Marine x3  
  188  15:19  Marauder, Marine  
  196  15:21  Marine  
  196  15:23  Liberator  
  200  15:34  Planetary Fortress  
  199  15:50  Command Center  
  199  15:51  Command Center  
  199  16:01  Terran Vehicle And Ship Armor Level 3  
  199  16:03  Armory  
  199  16:06  Factory  
  197  16:21  Marauder x2  
  197  16:23  Liberator x2  
  198  16:37  Sensor Tower, Command Center  
  198  16:38  Caduceus Reactor  
  198  16:40  Command Center  
  198  16:42  Ghost x3  
  198  16:43  Marine  
  198  16:45  Liberator  
  198  16:46  Liberator  
  185  16:47  Widow Mine x2, Siege Tank  
  185  16:48  Ghost  
  187  17:06  Liberator x2  
  193  17:09  Command Center  
  193  17:10  Ghost  
  193  17:11  Ghost, Marine x2  
  199  17:16  Refinery  
  199  17:17  Refinery, Marine  
  199  17:19  Planetary Fortress  
  200  17:26  Missile Turret  
  200  17:34  Factory Tech Lab  
  200  17:43  Command Center  
  200  17:45  Personal Cloaking  
  200  17:50  Liberator x4  
  193  17:53  Ghost  
  178  18:04  Siege Tank x2  
  178  18:05  Marauder, Marine x3  
  182  18:06  Marine x3  
  182  18:07  Marine x2, Marauder  
  182  18:10  Marauder  
  182  18:12  Orbital Command  
  193  18:22  Marine  
  193  18:23  Marine x3  
  192  18:29  Marauder  
  192  18:30  Marine  
  192  18:31  Marine x6  
  188  18:37  Medivac x2  
  188  18:40  Marine  
  188  18:41  Marine x3  
  186  18:48  Marine x2  
  186  18:49  Marine x4  
  186  18:51  Marine x2  
  194  18:57  Marine  
  194  19:00  Marine x2  
  197  19:07  Marauder  
  199  19:10  Orbital Command  
Tags
 
Add a new tag
Caveats
  • Supply blocks, unpowered buildings, or Contaminate may cause inaccurate times.
  • Supply counts are checked every 10 seconds.